 Dungeon Crawl Stone Soup version 0.29.1-15-g9cfb28693d (webtiles) character file.

Game seed: 17179368956765998537

130 Danienth the Slasher (level 4, -5/33 HPs)
             Began as a Demonspawn Gladiator on Apr 5, 2023.
             Was a Follower of Makhleb.
             Killed from afar by a white imp (7 damage)
             ... with a puff of frost
             ... summoned by a kobold demonologist
             ... on level 3 of the Dungeon.
             The game lasted 00:28:33 (3450 turns).

Danienth the Slasher (Demonspawn Gladiator)         Turns: 3450, Time: 00:28:36

Health: -5/33      AC:  6    Str: 16    XL:     4   Next: 89%
Magic:  4/4        EV: 12    Int: 10    God:    Makhleb [*.....]
Gold:   126        SH:  0    Dex: 14    Spells: 3/3 levels left

rFire   + . .      SeeInvis .   a - +0 long sword
rCold   x . .      Faith    .   (no shield)
rNeg    . . .      Spirit   .   p - +0 ring mail
rPois   .          Reflect  .   C - +0 helmet
rElec   .          Harm     .   (no cloak)
rCorr   .          Rampage  .   (no gloves)
Will    .....                   (no boots)
Stlth   +.........              (no amulet)
HPRegen 0.11/turn               A - ring of fire
MPRegen 0.18/turn               (no ring)

@: very slow
A: hooves 1, magic regeneration, sturdy frame 1
a: Renounce Religion


You were on level 3 of the Dungeon.
You worshipped Makhleb.
Makhleb was aware of your devotion.
You visited 1 branch of the dungeon, and saw 3 of its levels.

You collected 126 gold pieces.

Inventory:

Hand Weapons
 a - a +0 long sword (weapon)
 f - a +0 short sword
 k - a +0 whip
 n - a +0 dagger
 o - a +0 dagger
 u - a +0 dagger of freezing
 y - a +0 dagger
Missiles
 d - 3 throwing nets
 e - a javelin
 g - 71 stones
 m - 6 boomerangs
Armour
 b - a +0 leather armour
 c - a +0 helmet
 h - a +0 leather armour
 i - a +0 leather armour
 p - a +0 ring mail (worn)
 q - a +0 pair of gloves
 r - a +0 ring mail
 C - a +0 helmet (worn)
Jewellery
 A - a ring of fire (left hand)
Wands
 D - a wand of roots (2) (quivered)
Scrolls
 s - a scroll of vulnerability
 v - a scroll of enchant weapon {unknown}
 x - a scroll of poison {unknown}
 B - a scroll of fear {unknown}
Potions
 l - a potion of flight
 t - a potion of cancellation {unknown}
 w - a potion of brilliance {unknown}
 z - a potion of haste {unknown}


   Skills:
 + Level 2.1 Fighting
 + Level 4.0 Long Blades
 + Level 2.0 Throwing
 + Level 1.6 Armour
 + Level 3.1 Dodging
 + Level 1.3 Stealth


You had 3 spell levels left.
You didn't know any spells.
Your spell library was empty.

Dungeon Overview and Level Annotations

Branches:
Dungeon (3/15)

Altars:
Gozag
Makhleb

Annotations:
D:3 1 transporter


Innate Abilities, Weirdness & Mutations

You have large cloven feet.
You regenerate magic rapidly.
Your movements are slightly less encumbered by armour. (ER -2)


Message History

The grasping roots constrict the kobold demonologist.
The roots release their grip on the kobold demonologist.
The crimson imp picks up a beetle and eats it.
Your Long Blades skill increases to level 4!
Aiming: Fastroot
Press: ? - help, Q - select action, (/) - cycle Shift-Dir - straight line, p - kobold demonologist
Okay, then.
The white imp attacks as you move away!
The white imp hits you but does no damage.
The crimson imp attacks as you move away!
The crimson imp misses you. Why would you want to do that?
You enter the shallow water.
Moving in this stuff is going to be slow.
The kobold demonologist begins to cast a cantrip, but forgets the words!
The iron imp closely misses you.
The crimson imp blinks!
The iron imp attacks as you move away!
The iron imp hits you but does no damage.
The white imp attacks as you move away! The white imp barely misses you.
The white imp grins evilly.
The crimson imp blinks!
The white imp gestures at you. The puff of frost hits you!
You feel a terrible chill! The white imp gestures at you.
The puff of frost hits you!!
You feel a terrible chill!
Ouch! That really hurt!
* * * LOW HITPOINT WARNING * * *
Aiming: Fastroot
Press: ? - help, Q - select action, (/) - cycle Shift-Dir - straight line, f - crimson imp, p - kobold demonologist
Aim: a crimson imp (summoned)
The roots erupt in riotous growth!
Roots grab the crimson imp.
Roots grab the plant.
Roots grab the iron imp.
The grasping roots constrict the plant.
The plant begins to die.
The grasping roots constrict the crimson imp.
The grasping roots constrict the iron imp.
The kobold demonologist casts a cantrip, but nothing happens.
The white imp gestures at you. The puff of frost hits you!
You feel a terrible chill!
You die...

#.#########.....#..
#.#8P.©.P8#.##..#.#
#.#P.....~#.##..#.#
#.####'####.##..#.#
#.#)≈...≈.#.##..#.######
#.#.≈...≈.#.............
...#)≈~~5≈.#.##..#.......
.##.#.≈P5~≈.#.##..#..###.#
# #S#K≈5~@≈.#.##..#..# #.#
...#.≈.).≈.#.....#..# #.#
.#.#.≈...≈.#.#.#........#
#.####+####.#...#..#####
#.#~..$..~#.#####.....
#.#8P$©$P8#... ##.###
#.#########.### .#
......©.....# #...#####


You could see a kobold demonologist, an iron imp (summoned, rooted), a crimson
imp (summoned, rooted), a white imp (summoned) and a ball python.

Vanquished Creatures
  2 orc priests (D:3)
  3 shadow imps (D:3)
  A dart slug (D:2)
  6 ball pythons
  5 endoplasms
  A giant cockroach (D:1)
  2 hobgoblins
  4 jackals (D:1)
  4 quokkas
  11 frilled lizards
  A goblin (D:1)
  5 kobolds
  5 rats
50 creatures vanquished.

Vanquished Creatures (others)
  5 plants
5 creatures vanquished.

Grand Total: 55 creatures vanquished

Notes
Turn   | Place    | Note
-------+----------+-------------------------------------------
     0 | D:1      | Danienth the Demonspawn Gladiator began the quest for the
                  | Orb.
     0 | D:1      | Reached XP level 1. HP: 16/16 MP: 1/1
   183 | D:1      | Gained mutation: You regenerate magic rapidly. [demonic
                  | ancestry]
   183 | D:1      | Reached XP level 2. HP: 10/22 MP: 2/2
   519 | D:1      | Reached skill level 3 in Long Blades
   985 | D:1      | Found a faded altar of an unknown god.
  1000 | D:1      | Prayed at the altar of an unknown god.
  1000 | D:1      | Became a worshipper of Makhleb the Destroyer
  1000 | D:1      | Reached * piety under Makhleb
  1247 | D:2      | Gained mutation: Your movements are slightly less
                  | encumbered by armour. (ER -2) [demonic ancestry]
  1247 | D:2      | Reached XP level 3. HP: 27/27 MP: 3/3
  1576 | D:2      | You fall into a shaft and drop 1 floor!
  1613 | D:2      | Found an opulent altar of Gozag.
  2666 | D:3      | Reached skill level 1 in Armour
  2674 | D:3      | Found a transporter.
  2679 | D:3      | Found a transporter.
  2696 | D:3      | Noticed a kobold demonologist
  3188 | D:3      | Reached skill level 1 in Stealth
  3188 | D:3      | Gained mutation: You have large cloven feet. [demonic
                  | ancestry]
  3188 | D:3      | Reached XP level 4. HP: 18/33 MP: 4/4
  3446 | D:3      | Reached skill level 4 in Long Blades
  3450 | D:3      | Killed from afar by a white imp

Illustrated notes

Levels and vault maps discovered:
D:1:      minmay_arrival_four_houses, layout_loops_ring,
          shapermc_ecumenical_altar_pompeii, minmay_misc_feat_four_crosses,
          minmay_lizard_king
D:2:      wander_river, layout_loops_corners, basic_altar
D:3:      gammafunk_wand_slinger, layout_loops_ring

Skill      XL: |  1  2  3  4 |
---------------+-------------+-----
Dodging        | 3 |  3.1
Long Blades    | 3 4 |  4.0
Throwing       | 2 |  2.0
Armour         | 1 |  1.6
Stealth        | 1 |  1.3
Fighting       | |  2.1

Action                   |  1- 3 |  4- 6 || total
-------------------------+-------+-------++-------
Melee: Long sword        |   129 |     1 ||   130
       Punch             |     1 |       ||     1
Throw: Throwing net      |     1 |       ||     1
       Boomerang         |       |     1 ||     1
Evoke: Wand              |     1 |     5 ||     6
  Use: Scroll            |     2 |       ||     2
Armor: Leather armour    |    19 |       ||    19
       Ring mail         |    23 |     2 ||    25
Dodge: Dodged            |    94 |     3 ||    97
